 Dungeon Crawl Stone Soup version 0.29.0-13-gc9e81de378 (webtiles) character file.

Game seed: 12743411925367503140

1114 Heedrag the Cudgeller (level 8, -4/69 HPs)
             Began as a Minotaur Fighter on Sept 10, 2022.
             Slain by a sky beast (6 damage)
             ... on level 4 of the Dungeon.
             The game lasted 00:03:52 (3088 turns).

Heedrag the Cudgeller (Minotaur Fighter)            Turns: 3088, Time: 00:03:52

Health: -4/69      AC:  8    Str: 20    XL:     8   Next: 12%
Magic:  7/7        EV: 14    Int:  5    God:
Gold:   214        SH:  5    Dex: 13    Spells: 7/7 levels left

rFire   + . .      SeeInvis .   v - +7 mace "Unematyst" {vorpal, rF+ rC+}
rCold   + + .      Faith    .   c - +0 buckler
rNeg    . . .      Spirit   .   b - +0 scale mail
rPois   .          Reflect  .   (helmet restricted)
rElec   .          Harm     .   (no cloak)
rCorr   .          Rampage  .   u - +0 pair of gloves
Will    .....                   (no boots)
Stlth   ..........              (no amulet)
HPRegen 0.21/turn               j - +4 ring of evasion
MPRegen 0.10/turn               o - ring of protection from cold

@: no status effects
A: horns 2, retaliatory headbutt
a: no special abilities


You were on level 4 of the Dungeon.
You visited 1 branch of the dungeon, and saw 4 of its levels.

You collected 214 gold pieces.

Inventory:

Hand Weapons
 a - a +0 flail
 v - the +7 mace "Unematyst" (weapon) {vorpal, rF+ rC+}
   (You found it on level 4 of the Dungeon)

   It inflicts extra damage upon your enemies.
   rF:        It protects you from fire.
   rC:        It protects you from cold.
Missiles
 h - 3 boomerangs of dispersal (quivered) {!f}
 n - 4 javelins
Armour
 b - a +0 scale mail (worn)
 c - a +0 buckler (worn)
 u - a +0 pair of gloves (worn)
   (You found it on level 4 of the Dungeon)
Jewellery
 j - a +4 ring of evasion (left hand)
   (You found it on level 2 of the Dungeon)
 o - a ring of protection from cold (right hand)
   (You found it on level 3 of the Dungeon)
Wands
 w - a wand of roots (8)
   (You found it on level 4 of the Dungeon)
Scrolls
 e - 7 scrolls of identify {unknown}
 g - 2 scrolls of teleportation {unknown}
 k - a scroll of enchant armour {unknown}
 l - 2 scrolls of vulnerability {unknown}
 q - a scroll of enchant weapon {unknown}
 r - 2 scrolls of immolation {unknown}
 t - 2 scrolls of amnesia {unknown}
 x - a scroll of poison {unknown}
 y - a scroll of magic mapping {unknown}
 z - a scroll of fog {unknown}
Potions
 d - 2 potions of might
 f - a potion of haste {unknown}
 i - 2 potions of heal wounds {unknown}
 m - 2 potions of curing {unknown}
 p - a potion of berserk rage {unknown}
 s - a potion of degeneration {unknown}


   Skills:
 + Level 5.5 Fighting
 * Level 6.2 Maces & Flails
 + Level 3.1 Throwing
 + Level 6.1 Armour
 + Level 3.4 Dodging
 + Level 5.8 Shields


You had 7 spell levels left.
You didn't know any spells.
Your spell library contained the following spells:

 Spells                   Type           Power      Damage    Failure   Level
 Magic Dart               Conj           0%         1d3       87%         1
 Slow                     Hex            0%         N/A       87%         1
 Call Imp                 Summ           0%         N/A       95%         2
 Confusing Touch          Hex            0%         N/A       99%         3
 Mephitic Cloud           Conj/Pois/Air  0%         N/A       99%         3
 Ozocubu's Armour         Ice            0%         N/A       99%         3
 Vampiric Draining        Necr           0%         2d6       99%         3
 Ozocubu's Refrigeration  Ice            0%         4d7       100%        7


Dungeon Overview and Level Annotations

Branches:
Dungeon (4/15) Zot: 20858
 Temple: D:4-7

Altars:
Hepliaklqana
Kikubaaqudgha
Qazlal

Shops:
D:4 [


Innate Abilities, Weirdness & Mutations

You have a pair of horns on your head.
You reflexively headbutt those who attack you in melee.


Message History

The kobold closely misses you.
Okay, then.
Hit: v) +7 mace "Unematyst" {vorpal, rF+ rC+}
Aim: an orc warrior, wielding a +0 long sword and wearing a +0 plate armour (heavily wounded, about 29% to evade the +7 mace "Unematyst")
You hit the orc warrior. You block the orc warrior's attack.
You block the sky beast's attack. The kobold misses you.
Unknown command.
Hit: v) +7 mace "Unematyst" {vorpal, rF+ rC+}
Aim: an orc warrior, wielding a +0 long sword and wearing a +0 plate armour (heavily wounded, about 29% to evade the +7 mace "Unematyst")
You hit the orc warrior but do no damage.
The orc warrior hits you with a +0 long sword.
* * * LOW HITPOINT WARNING * * *
The sky beast closely misses you. You furiously retaliate!
You headbutt the sky beast, but do no damage.
The kobold barely misses you. You furiously retaliate!
You headbutt the kobold!
You kill the kobold!
Unknown command.
Hit: v) +7 mace "Unematyst" {vorpal, rF+ rC+}
Aim: an orc warrior, wielding a +0 long sword and wearing a +0 plate armour (heavily wounded, about 29% to evade the +7 mace "Unematyst")
You sock the orc warrior!
You kill the orc warrior!
The sky beast hits you.
* * * LOW HITPOINT WARNING * * *
The sky beast shocks you.
* * * LOW HITPOINT WARNING * * *
Hit: v) +7 mace "Unematyst" {vorpal, rF+ rC+}
Aim: a sky beast (about 37% to evade the +7 mace "Unematyst")
You completely miss the sky beast. Your headbutt misses the sky beast.
The sky beast misses you.
Unknown command.
Hit: v) +7 mace "Unematyst" {vorpal, rF+ rC+}
Aim: a sky beast (about 37% to evade the +7 mace "Unematyst")
You miss the sky beast. You block the sky beast's attack.
Hit: v) +7 mace "Unematyst" {vorpal, rF+ rC+}
Aim: a sky beast (about 37% to evade the +7 mace "Unematyst")
You completely miss the sky beast. You headbutt the sky beast!
The sky beast flickers out of sight!
Deactivating autopickup; reactivate with Ctrl-A.
Something hits you but does no damage.
Hit: v) +7 mace "Unematyst" {vorpal, rF+ rC+} That would be overly suicidal.
Okay, then.
Unknown command.
Unknown command.
Hit: v) +7 mace "Unematyst" {vorpal, rF+ rC+} You completely miss something.
Something hits you.
* * * LOW HITPOINT WARNING * * *
Something shocks you.
You die...

#...<....#.#.#
###.........##: #
#.......... ..#.#
#[....:..###'..
#........##.)#
#.(......#..#
#......###.##
#...)){....##
#....@......# ##
#...........# ..
###......[..# . ..
#.......#.##.# ..
#........_...# ..
#.......#.#..##^....
#.........#..##.....
#".......###........
#........# #........


There were no monsters in sight!

Vanquished Creatures
  Pikel (D:4)
  An orc warrior (D:4)
  An ogre (D:4)
  A centaur (D:4)
  2 lemures (D:4)
  2 scorpions (D:4)
  A vampire bat (D:3)
  A hound (D:4)
  An orc priest (D:4)
  An orc wizard (D:4)
  7 adders
  An ufetubus (D:4)
  3 worms
  6 dart slugs
  8 orcs
  8 ball pythons
  5 bats
  3 bat skeletons (D:3)
  2 bat zombies (D:3)
  8 endoplasms
  6 giant cockroaches
  5 goblins
  3 hobgoblins
  3 quokkas
  4 frilled lizards
  7 kobolds
  6 rats
97 creatures vanquished.

Notes
Turn   | Place    | Note
-------+----------+-------------------------------------------
     0 | D:1      | Heedrag the Minotaur Fighter began the quest for the Orb.
     0 | D:1      | Reached XP level 1. HP: 19/19 MP: 0/0
   327 | D:1      | Reached XP level 2. HP: 25/27 MP: 1/1
   495 | D:1      | Found a faded altar of an unknown god.
  1191 | D:2      | Reached XP level 3. HP: 33/33 MP: 2/2
  1484 | D:2      | Reached XP level 4. HP: 37/40 MP: 3/3
  2165 | D:3      | Reached skill level 1 in Dodging
  2316 | D:3      | Reached skill level 1 in Throwing
  2492 | D:3      | Reached XP level 5. HP: 46/46 MP: 4/4
  2495 | D:3      | Found an ancient bone altar of Kikubaaqudgha.
  2620 | D:4      | Reached skill level 5 in Armour
  2764 | D:4      | Found a hazy altar of Hepliaklqana.
  2798 | D:4      | Identified the +7 mace "Unematyst" {vorpal, rF+ rC+}
  2812 | D:4      | Noticed a centaur
  2815 | D:4      | Found Sehajid's Antique Armour Emporium.
  2819 | D:4      | Killed a centaur
  2820 | D:4      | Reached XP level 6. HP: 35/53 MP: 5/5
  2922 | D:4      | Reached skill level 5 in Shields
  2924 | D:4      | Reached skill level 5 in Maces & Flails
  2924 | D:4      | Reached XP level 7. HP: 54/60 MP: 6/6
  3017 | D:4      | Found a stormy altar of Qazlal.
  3039 | D:4      | Noticed Pikel
  3053 | D:4      | Killed Pikel
  3054 | D:4      | Reached skill level 5 in Fighting
  3056 | D:4      | Reached XP level 8. HP: 33/69 MP: 7/7
  3084 | D:4      | HP: 2/69 [sky beast (6)]
  3088 | D:4      | Slain by a sky beast

Illustrated notes

Levels and vault maps discovered:
D:1:      matt_arrival_spirals, layout_loops_corners,
          shapermc_ecumenical_altar_totnotflames, nicolae_wormholes
D:2:      layout_loops_ring, kennysheep_generic_room_7
D:3:      layout_rooms, kennysheep_vampire_church, serial_glass,
          glass_columns_a, glass_columns_a, minmay_cupped
D:4:      layout_basic, worldfamousw_hep_ancestral_shrine, lemuel_crystal_altar,
          serial_shops, shop, amcnicky_mini_rare_corridor_liquid,
          minmay_manual_mess, uniq_pikel

Skill      XL: |  1  2  3  4  5  6  7 |
---------------+----------------------+-----
Armour         | 4 5 6 |  6.1
Shields        | 4 5 |  5.8
Fighting       | 4 5 |  5.5
Maces & Flails | 3 4 5 6 |  6.2
Dodging        | 1 2 3 |  3.4
Throwing       | 1 2 3 |  3.1

Action                   |  1- 3 |  4- 6 |  7- 9 || total
-------------------------+-------+-------+-------++-------
Melee: Flail             |    66 |    86 |       ||   152
       Headbutt          |    12 |    15 |     6 ||    33
       Mace              |       |    13 |    45 ||    58
Armor: Scale mail        |    27 |    43 |    16 ||    86
Dodge: Dodged            |    32 |    79 |    42 ||   153
Block: Buckler           |    21 |    32 |    19 ||    72
